Map: Kairos Junction LE

Players

Serral - Winner!

  • Race: Terran Terran
  • League: Master
  • Spawn Location: 5:00

Alluton

  • Race: Protoss Protoss
  • League: Grandmaster
  • Spawn Location: 11:00

VOD

Have the link to the VOD?

Description

Time

  • Played on: Dec. 3, 2018, 11:56 a.m.
  • Length: 12:40
Show
View Real Time Build Order
Export as new Build Order

Serral Terran - Winner!

Build Orders: Cyclone Opening 

Get SALT Encoding   

  12  0:00  SCV  
  13  0:12  SCV  
  14  0:16  Supply Depot  
  14  0:24  SCV  
  15  0:38  Barracks, SCV  
  16  0:44  Refinery  
  16  0:50  SCV  
  16  0:54  Refinery  
  17  1:02  SCV  
  18  1:14  SCV  
  19  1:25  Reaper  
  19  1:28  Orbital Command  
  20  1:36  Supply Depot  
  20  1:43  Factory  
  20  1:54  SCV  
  21  2:06  SCV  
  22  2:18  SCV  
  22  2:21  Barracks Reactor  
  23  2:24  Command Center  
  23  2:30  SCV  
  23  2:34  Factory Tech Lab  
  24  2:39  Supply Depot  
  24  2:43  SCV  
  25  2:54  Cyclone  
  25  2:56  SCV  
  25  2:57  Marine x2  
  31  3:07  Starport  
  31  3:10  SCV  
  32  3:13  Mag-Field Accelerator  
  32  3:19  Marine x2  
  34  3:22  SCV  
  35  3:30  Cyclone  
  38  3:35  Liberator  
  38  3:37  SCV  
  38  3:38  Orbital Command  
  38  3:42  Marine x2  
  40  3:49  SCV  
  44  3:59  Marine  
  44  4:00  Marine  
  44  4:02  SCV  
  47  4:04  SCV  
  47  4:06  Supply Depot  
  48  4:11  Cyclone  
  48  4:14  SCV  
  48  4:16  SCV  
  53  4:18  Supply Depot  
  53  4:23  Engineering Bay  
  53  4:26  SCV  
  53  4:28  SCV  
  53  4:29  Marine x2  
  57  4:34  Medivac  
  57  4:38  SCV  
  60  4:40  SCV  
  60  4:43  Supply Depot  
  61  4:51  SCV  
  61  4:52  SCV  
  63  4:53  Widow Mine x2  
  63  4:54  Missile Turret  
  63  4:56  Missile Turret  
  63  4:57  Marine  
  63  4:58  Stimpack  
  68  5:05  SCV x2  
  70  5:15  Command Center  
  72  5:21  SCV x2  
  72  5:23  Widow Mine x2  
  76  5:29  Supply Depot  
  76  5:36  Barracks x2  
  76  5:43  SCV x2  
  78  5:51  Marauder  
  77  5:58  Starport Tech Lab, SCV x2  
  79  6:06  Factory Reactor  
  79  6:10  SCV x2  
  79  6:11  Terran Infantry Weapons Level 1, Refinery  
  76  6:12  Marauder, Refinery  
  76  6:15  Supply Depot  
  78  6:22  SCV x2  
  79  6:26  Barracks x2  
  79  6:28  Starport Reactor  
  79  6:29  Orbital Command  
  79  6:30  Combat Shield  
  79  6:31  Marine, Marauder  
  80  6:33  Marauder  
  80  6:38  SCV  
  77  6:43  Marine  
  77  6:45  SCV  
  70  6:49  Marine  
  70  6:50  Supply Depot  
  70  6:51  Widow Mine x2  
  70  6:52  Marauder  
  77  6:55  Marauder  
  77  6:59  Concussive Shells, Orbital Command  
  79  7:01  Marine  
  79  7:03  SCV  
  79  7:06  SCV  
  79  7:07  Marine  
  79  7:12  Medivac  
  79  7:13  Medivac  
  79  7:14  Marauder  
  79  7:15  Barracks Tech Lab, Barracks Reactor  
  85  7:16  Marauder  
  85  7:23  SCV x2  
  85  7:27  SCV  
  86  7:30  Widow Mine x2  
  86  7:33  Missile Turret  
  86  7:35  SCV x2  
  92  7:38  Marine x2, Marauder  
  92  7:39  Marauder x2  
  92  7:42  SCV  
  101  7:44  Refinery  
  101  7:46  Supply Depot  
  101  7:47  SCV x2  
  103  7:52  Widow Mine x2, Medivac x2  
  103  7:54  SCV  
  112  7:59  SCV, Supply Depot  
  112  8:00  Supply Depot  
  112  8:02  Armory  
  112  8:03  Engineering Bay  
  113  8:06  Marauder x2  
  113  8:07  Marine x3, Marauder  
  122  8:18  Widow Mine x2  
  125  8:20  Marine, SCV x3  
  125  8:22  Medivac  
  125  8:25  Marine  
  132  8:27  Marauder  
  132  8:28  Marine, Marauder  
  132  8:29  Marauder  
  132  8:32  SCV x2  
  141  8:35  Refinery  
  141  8:40  Marine x2  
  139  8:42  Medivac  
  141  8:49  SCV x2  
  141  8:51  SCV  
  141  8:52  Marauder  
  140  9:04  Marauder  
  140  9:05  Marauder, Widow Mine x2  
  140  9:06  Medivac  
  138  9:11  Marine x3  
  138  9:13  Command Center  
  138  9:16  Supply Depot  
  138  9:17  Terran Infantry Weapons Level 2  
  141  9:18  Medivac  
  141  9:19  Marauder  
  141  9:20  Terran Infantry Armor Level 1  
  145  9:25  Marauder  
  145  9:28  Marauder  
  149  9:34  Marine  
  149  9:35  Marine, SCV  
  149  9:36  Marine  
  149  9:37  Medivac, SCV x2  
  149  9:39  Marine  
  149  9:40  Marauder  
  149  9:44  Supply Depot  
  152  9:46  Widow Mine x2, Starport  
  152  9:51  Marine  
  157  9:58  Marine, Marauder  
  157  10:01  Marauder x2  
  157  10:05  Marine x2, Medivac  
  149  10:07  Medivac  
  149  10:08  Widow Mine x2  
  149  10:09  SCV x3  
  155  10:19  Marauder  
  136  10:21  SCV x2  
  136  10:25  Planetary Fortress  
  128  10:29  Widow Mine x2, Refinery  
  128  10:31  Marine x3, Marauder x2  
  131  10:35  Medivac  
  131  10:37  Medivac  
  131  10:40  Starport Tech Lab, Refinery  
  131  10:41  Marauder  
  137  10:43  Fusion Core  
  137  10:46  Liberator  
  137  10:47  Marine  
  138  10:50  Widow Mine  
  138  10:51  Liberator x2, Marine, Widow Mine  
  138  10:52  Marine x2, Marauder  
  138  10:53  Marauder  
  149  11:00  Missile Turret  
  149  11:02  Marauder  
  154  11:05  Marine  
  161  11:14  Marauder  
  161  11:15  Barracks  
  161  11:17  Barracks  
  163  11:23  Marine x2  
  163  11:24  Marine, Marauder x2  
  164  11:27  Widow Mine x2  
  142  11:47  Supply Depot  
  142  11:53  Command Center  
  142  11:56  Marine x2, Marauder x3  
  142  11:57  Marine  
  142  11:58  Marine  
  152  12:03  Barracks Tech Lab, Barracks Reactor  
  161  12:19  Marine x4  
  175  12:36  Ghost Academy  
Show
View Real Time Build Order
Export as new Build Order

Alluton Protoss 

Build Orders: 1 Gate Expand, Oracle Opening 

Get SALT Encoding   

  12  0:00  Probe  
  13  0:12  Probe  
  14  0:18  Pylon  
  14  0:24  Probe  
  15  0:32  Probe  
  15  0:37  Gateway  
  15  0:40  Probe  
  16  0:47  Assimilator  
  17  0:51  Probe  
  18  1:03  Probe  
  19  1:20  Nexus  
  19  1:31  Cybernetics Core  
  19  1:34  Probe  
  20  1:43  Assimilator  
  20  1:46  Probe  
  21  1:50  Pylon  
  21  1:58  Stalker, Probe  
  22  2:06  Probe  
  23  2:08  Warp Gate  
  23  2:14  Probe  
  25  2:25  Probe  
  25  2:27  Stalker  
  28  2:30  Probe  
  29  2:37  Probe  
  29  2:38  Probe  
  31  2:47  Probe  
  31  2:49  Probe  
  33  2:57  Stargate  
  33  2:59  Probe  
  33  3:01  Probe  
  33  3:04  Stalker  
  37  3:11  Probe  
  38  3:13  Probe  
  39  3:20  Gateway  
  39  3:22  Gateway  
  39  3:24  Probe  
  40  3:30  Oracle  
  38  3:34  Probe  
  38  3:38  Probe  
  38  3:40  Pylon  
  43  3:46  Probe  
  44  3:50  Probe  
  45  3:58  Probe  
  45  4:02  Probe  
  47  4:07  Oracle, Nexus  
  50  4:13  Pylon  
  50  4:15  Probe x2  
  52  4:21  Stalker  
  54  4:26  Pylon  
  54  4:32  Stalker, Twilight Council  
  54  4:33  Probe  
  54  4:34  Probe  
  54  4:37  Assimilator  
  58  4:39  Assimilator  
  58  4:45  Probe  
  59  4:49  Probe  
  59  4:52  Pylon  
  60  4:54  Stalker  
  60  4:57  Probe  
  63  5:00  Stalker, Blink  
  63  5:01  Probe  
  63  5:04  Pylon  
  63  5:16  Stalker  
  63  5:17  Zealot  
  67  5:26  Stalker  
  69  5:29  Shield Battery, Probe x3  
  72  5:41  Forge, Probe x2  
  72  5:42  Forge, Probe  
  75  5:45  Pylon  
  75  5:55  Stalker x2  
  75  5:56  Stalker  
  68  5:58  Probe x2  
  68  6:04  Phoenix  
  68  6:11  Probe  
  60  6:15  Probe  
  60  6:16  Protoss Ground Weapons Level 1, Probe  
  60  6:17  Protoss Ground Armor Level 1  
  64  6:20  Stalker x2  
  64  6:23  Probe  
  67  6:27  Probe  
  67  6:28  Probe  
  67  6:34  Probe  
  67  6:37  Probe  
  69  6:42  Probe x2  
  69  6:45  Probe  
  58  6:50  Probe x2  
  58  6:54  Charge, Probe  
  59  6:59  Probe  
  62  7:01  Probe  
  62  7:02  Probe  
  65  7:09  Sentry, Probe  
  65  7:10  Probe  
  65  7:13  Shield Battery, Probe  
  70  7:20  Probe  
  70  7:21  Probe  
  72  7:26  Probe  
  73  7:32  Probe  
  74  7:38  Gateway  
  74  7:39  Zealot x3, Gateway  
  74  7:44  Gateway  
  80  7:46  Gateway  
  80  7:49  Gateway  
  80  7:56  Protoss Ground Armor Level 2, Protoss Ground Weapons Level 2  
  80  8:02  Sentry x3, Pylon  
  86  8:15  Shield Battery  
  86  8:17  Pylon  
  75  8:20  Probe  
  75  8:22  Probe  
  75  8:23  Probe  
  78  8:28  Zealot  
  80  8:41  Stalker  
  80  8:42  Stalker x4  
  80  8:46  Zealot x2  
  82  9:05  Zealot x3  
  82  9:06  Zealot x2  
  84  9:17  Stalker x2  
  84  9:23  Probe x2  
  84  9:24  Probe  
  91  9:35  Probe x2  
  91  9:36  Probe  
  92  9:47  Probe  
  92  9:48  Probe x2  
  92  9:49  Zealot x3  
  101  9:56  Zealot  
  101  9:57  Zealot  
  92  10:00  Probe x2  
  92  10:03  Zealot x2  
  87  10:08  Zealot  
  87  10:11  Zealot  
  87  10:18  Zealot  
  87  10:19  Zealot x2  
  75  10:31  Stalker x2  
  75  10:32  Stalker  
  79  10:40  Probe x2  
  81  10:46  Probe  
  82  10:52  Probe  
  83  10:59  Zealot  
  83  11:00  Zealot x2  
  83  11:04  Zealot  
  91  11:10  Zealot x2  
  95  11:13  Zealot  
  95  11:21  Zealot x2  
  95  11:22  Zealot  
  87  11:25  Zealot  
  87  11:30  Zealot x3  
  76  11:33  Zealot  
  74  11:42  Stalker x2  
  74  11:45  Probe x3  
  81  11:50  Sentry  
  83  11:57  Zealot x4  
  91  12:01  Templar Archives  
  91  12:09  Pylon  
  91  12:15  Robotics Facility  
  91  12:17  Zealot  
  91  12:18  Zealot x2  
  91  12:21  Zealot  
  99  12:26  Zealot x2  
Tags
 
Add a new tag
Caveats
  • Supply blocks, unpowered buildings, or Contaminate may cause inaccurate times.
  • Supply counts are checked every 10 seconds.